 Dungeon Crawl Stone Soup version 0.17-a0-2198-g482c6e3 (webtiles) character file.

156 Minkie the Poker (level 5, -2/30 HPs)
             Began as a Tengu Warper on Oct 25, 2015.
             Slain by a worker ant (5 damage)
             ... on level 4 of the Dungeon.
             The game lasted 00:13:10 (3732 turns).

Minkie the Poker (Tengu Warper)                     Turns: 3732, Time: 00:13:10

Health: -2/30      AC:  6    Str: 11    XL:     5   Next: 38%
Magic:  7/9        EV:  6    Int: 13    God:
Gold:   81         SH:  0    Dex: 15    Spells: 2 memorised, 5 levels left

rFire  . . .     SeeInvis .     y - +0 trident
rCold  . . .     Clarity  .     B - +0 ring mail
rNeg   . . .     SustAt   .     (no shield)
rPois  .         Gourm    .     (helmet restricted)
rElec  .         Spirit   .     n - +0 cloak
rCorr  .         Warding  .     (no gloves)
rMut   .         Stasis   .     (boots unavailable)
MR     .....                    (no amulet)
Stlth  +.........               (no ring)
                                (no ring)

@: not resistant to hostile enchantments, very unstealthy
A: beak, talons 3, able to fly 1
a: Fly


You were on level 4 of the Dungeon.
You were not hungry.

You visited 1 branch of the dungeon, and saw 4 of its levels.

You collected 81 gold pieces.

Inventory:

Hand Weapons
 a - a +0 blowgun
 y - a +0 trident (weapon)
Missiles
 b - 2 tomahawks
 e - 5 tomahawks of dispersal (quivered)
 w - 17 poisoned needles
 x - 4 curare-tipped needles
Armour
 n - a +0 cloak (worn)
 B - a +0 ring mail (worn)
Scrolls
 d - 2 scrolls of blinking
 h - a scroll of enchant weapon {unknown}
 l - 2 scrolls of teleportation {unknown}
 m - a scroll of immolation {unknown}
 q - 2 scrolls of identify {unknown}
 r - 2 scrolls of remove curse {unknown}
 s - a scroll of recharging {unknown}
 t - 2 scrolls of fog {unknown}
 u - a scroll of fear {unknown}
Potions
 g - a potion of curing
 i - a potion of ambrosia {unknown}
 j - 3 potions of heal wounds {unknown}
 k - a potion of lignification {unknown}
 o - 2 potions of magic {unknown}
 v - a potion of might {unknown}
Books
 c - a book of Spatial Translocations

   Spells                             Type                      Level
   a - Apportation                    Translocation                1
   b - Blink                          Translocation                2
   c - Shroud of Golubria             Charms/Translocation         2
   d - Portal Projectile              Translocation                3
   e - Teleport Other                 Translocation                3
   f - Passage of Golubria            Translocation                4
Comestibles
 f - 3 bread rations
 p - a royal jelly
 z - 2 meat rations
 A - 3 chunks of flesh


   Skills:
 - Level 2.0 Fighting
 + Level 5.9 Polearms
 - Level 1.0 Throwing
 - Level 1.1 Armour
 - Level 2.1 Dodging
 - Level 2.0 Spellcasting
 - Level 2.4 Translocations


You had 5 spell levels left.
You knew the following spells:

 Your Spells              Type           Power        Failure   Level  Hunger
a - Apportation           Tloc           #.........   28%         1    ##.....
b - Blink                 Tloc           N/A          38%         2    ###....


Dungeon Overview and Level Annotations

Branches:
Dungeon (4/15)
 Temple: D:4-7

Altars:
Kikubaaqudgha

Annotations:
D:3 Robin


Innate Abilities, Weirdness & Mutations

You have a beak for a mouth.
You have claws for feet.
You can fly.


Message History

The worker ant poisons you!
Drink which item? (? for menu, Esc to quit)
You feel better. The worker ant bites you.
* * * LOW HITPOINT WARNING * * *
Unknown command.
You barely miss the worker ant.
The worker ant is almost dead.
The worker ant bites you.
* * * LOW HITPOINT WARNING * * *
Unknown command.
You hit the worker ant but do no damage.
You claw the worker ant, but do no damage.
Your peck misses the worker ant.
The worker ant is almost dead.
The worker ant closely misses you.
Cast which spell? (? or * to list)
You blink.
There is a stone staircase leading down here.
The worker ant bites you.
You die...

.### #### .#. ....
#..#####...
....#####..#......
....(........#..#
.###.##.....#..#
#..#(#..##.#
#####...#....[#
a...........#######
.######.......Oa@.#
#..###.###.(.#
#..## #.###.###
##.# #.....# #..#
###..####
####.####....#
.......##.#.##
##...#......#
#..#####.####


You could see an ogre and a worker ant.

Vanquished Creatures
  An iguana (D:4)
  5 adders
  An ooze (D:2)
  4 worms
  2 giant geckos (D:2)
  6 orcs (D:3)
  7 bats
  7 goblins
  7 hobgoblins
  7 jackals
  7 kobolds
  A quokka (D:4)
  6 giant newts
  A quokka skeleton (D:4)
  3 rats
  A plant (D:2)
66 creatures vanquished.

Notes
Turn   | Place    | Note
--------------------------------------------------------------
     0 | D:1      | Minkie the Tengu Warper began the quest for the Orb.
     0 | D:1      | Reached XP level 1. HP: 12/12 MP: 4/4
   200 | D:1      | Reached XP level 2. HP: 9/17 MP: 6/6
   385 | D:1      | Reached skill level 3 in Polearms
   740 | D:1      | Learned a level 2 spell: Blink
  1349 | D:2      | Reached XP level 3. HP: 21/21 MP: 7/7
  1474 | D:2      | Found an ancient bone altar of Kikubaaqudgha.
  1508 | D:2      | Reached skill level 4 in Polearms
  2183 | D:3      | Reached XP level 4. HP: 19/26 MP: 8/8
  2617 | D:3      | Reached skill level 5 in Polearms
  3085 | D:3      | Noticed Robin
  3085 | D:3      | Noticed a centaur
  3102 | D:3      | HP: 1/26 [quokka (2)]
  3421 | D:4      | Gained mutation: You can fly. [Tengu growth]
  3421 | D:4      | Reached XP level 5. HP: 30/30 MP: 9/9
  3694 | D:4      | Noticed a centaur
  3698 | D:4      | Noticed an ogre
  3726 | D:4      | HP: 1/30 [worker ant (2)]
  3732 | D:4      | Slain by a worker ant

Vault maps used:
D:1:      enne_arrival_octagon_isle, feat_on_display
D:2:      kiku_gazebo_garden_becter, first_bread
D:3:      minmay_rats_cheesy_pizza, uniq_robin
D:4:      fedhas_bush_and_centaur_altar

Action                   |  1- 3 |  4- 6 || total
-------------------------+-------+-------++-------
Melee: Spear             |   223 |     5 ||   228
       Trident           |       |   124 ||   124
 Cast: Blink             |       |     1 ||     1
  Use: Potion            |       |     2 ||     2
  Eat: Chunk             |     4 |     5 ||     9
